 Dungeon Crawl Stone Soup version 0.32-a0-791-gfc315c9ecd (webtiles) character file.

Game seed: 5017209292461113660

22 jasper the Chopper (level 2, 25/25 HPs)
             Began as a Minotaur Gladiator on Mar 20, 2024.
             Quit the game on level 1 of the Dungeon.
             The game lasted 00:00:50 (247 turns).

jasper the Chopper (Minotaur Gladiator)              Turns: 247, Time: 00:00:51

Health: 25/25      AC:  3    Str: 18    XL:     2   Next: 68%
Magic:  1/1        EV: 11    Int:  5    God:
Gold:   36         SH:  0    Dex: 11    Spells: 1/1 levels left

rFire   . .          .
                       - Unarmed
rCold   . . .        (no shield)
rNeg    . . .        b - +0 leather armour
rPois   .            c - +0 hat
rElec   .            (no cloak)
rCorr   .            (no gloves)
SInv    .            (no boots)
Will    .....        (no amulet)
Stlth   +            (no ring)
HPRegen 0.24/turn    (no ring)
MPRegen 0.07/turn

%: no passive effects
@: no status effects
A: horns 2, retaliatory headbutt
a: no special abilities


You were on level 1 of the Dungeon.
You visited 1 branch of the dungeon, and saw 1 of its levels.

You collected 36 gold pieces.

Inventory:

Hand Weapons
 a - a +0 war axe
Missiles
 d - 3 throwing nets (quivered)
 e - a javelin
Armour
 b - a +0 leather armour (worn)
 c - a +0 hat (worn)
Scrolls
 f - a scroll of poison {unknown}
 g - a scroll of immolation {unknown}
Potions
 h - a potion of curing {unknown}


   Skills:
 + Level 2.6 Fighting
 - Level 4.2 Axes
 - Level 2.0 Throwing
 + Level 3.4 Dodging
 * Level 1.2 Unarmed Combat


You had one spell level left.
You didn't know any spells.
Your spell library was empty.

Dungeon Overview and Level Annotations

Branches:
Dungeon (1/15)

Altars:


Innate Abilities, Weirdness & Mutations

You have a pair of horns on your head.
You reflexively headbutt those who attack you in melee.


Message History

The ball python misses you. You furiously retaliate!
You headbutt the ball python.
You kill the ball python!
You now have 36 gold pieces (gained 18).
h - a pink potion You see here 2 stones.
A ball python comes into view.
A ball python is nearby!
The ball python hisses angrily.
There is a faded altar of an unknown god here.
This altar belongs to (a) Yredelemnul, (b) Sif Muna or (c) Qazlal, but you can't tell which.
Press the corresponding letter to learn more about a god, or press enter to convert or escape to cancel.
Okay, then.
The ball python closely misses you. You furiously retaliate!
You headbutt the ball python.
You kill the ball python!
There is a dry fountain here.
A hobgoblin comes into view.
The hobgoblin shouts!
A hobgoblin is nearby!
A quokka comes into view.
You closely miss the hobgoblin. Your headbutt misses the hobgoblin.
The hobgoblin misses you. You furiously retaliate!
You headbutt the hobgoblin!
You kill the hobgoblin!
You closely miss the quokka.
The quokka bites you but does no damage.
You closely miss the quokka. The quokka barely misses you. x2
You closely miss the quokka. You headbutt the quokka.
The quokka is severely wounded.
The quokka completely misses you.
You closely miss the quokka.
The quokka is severely wounded.
The quokka barely misses you. x2; You furiously retaliate!
You headbutt the quokka!
You kill the quokka!
Are you sure you want to abandon this character and quit the game? (Confirm with "yes".)
Okay, then.
You are now empty-handed.
Unknown command.
Unknown command.
Are you sure you want to abandon this character and quit the game? (Confirm with "yes".)

#.......#..⌠.ß# #####
#.......#.⌠..###.... #
#.......#...#_#ß#.######
#
#........#ß#∩#...#.....#
#.........###..⌠.#.....#
#.........##ß.⌠..#.....#
...##.#+#...#...#......#
###..###.......#
#..@.........#
#........#####
#..†.....# ............#
###.........#
...........#
#...........#
#...######### #...


There were no monsters in sight!

Vanquished Creatures
  A dart slug (D:1)
  3 endoplasms (D:1)
  A goblin (D:1)
  3 hobgoblins (D:1)
  2 quokkas (D:1)
  4 ball pythons (D:1)
  A frilled lizard (D:1)
  A kobold (D:1)
  3 rats (D:1)
19 creatures vanquished.

Notes
Turn   | Place    | Note
-------+----------+-------------------------------------------
     0 | D:1      | jasper the Minotaur Gladiator began the quest for the Orb.
     0 | D:1      | Reached XP level 1. HP: 18/18 MP: 0/0
    47 | D:1      | Reached skill level 4 in Axes
    95 | D:1      | Reached XP level 2. HP: 22/25 MP: 1/1
   210 | D:1      | Reached skill level 1 in Unarmed Combat
   212 | D:1      | Found a faded altar of an unknown god.
   247 | D:1      | Quit the game

Illustrated notes

Levels and vault maps discovered:
D:1:      giann_wishing_wells, layout_basic, shapermc_ecumenical_altar_venn

Skill      XL: |  1  2 |
---------------+-------+-----
Axes           | 4 |  4.2
Unarmed Combat | 1 |  1.2
Fighting       | |  2.6
Throwing       | |  2.0
Dodging        | |  3.4

Action                     || total
---------------------------++-------
  Melee: War axe           ||    25
         Headbutt          ||     4
 Armour: Leather armour    ||    11
  Dodge: Dodged            ||    24

Table legend: (Time is in decaauts)
 A = Elapsed time spent in this place.
 B = Non-inter-level travel time spent in this place.
 C = Inter-level travel time spent in this place.
 D = Time resting spent in this place.
 E = Time spent auto-exploring this place.
 F = Levels seen in this place.
 G = Mean time per level.
                   A        B        C        D        E       F      G
               +--------+--------+--------+--------+--------+-----+--------+
         Total |    254 |    254 |      0 |      0 |    148 |   1 |  254.0 |
       Dungeon |    254 |    254 |      0 |      0 |    148 |   1 |  254.0 |
               +--------+--------+--------+--------+--------+-----+--------+

Top non-repeatable levels by time:
     D:1: 254 daAuts
